 Dungeon Crawl Stone Soup version 0.30-a0-1016-gfb0d676c02 (webtiles) character file.

Game seed: 10507225640360841373

1297 cheesebisquit the Trooper (level 8, -7/74 HPs)
             Began as a Grey Draconian Fire Elementalist on Apr 6, 2023.
             Mangled by an unseen horror (9 damage)
             ... on level 7 of the Dungeon.
             The game lasted 00:26:49 (6847 turns).

cheesebisquit the Trooper (DrFE)                    Turns: 6847, Time: 00:26:50

Health: -7/74      AC: 13    Str: 11    XL:     8   Next: 31%
Magic:  15/15      EV:  7    Int: 18    God:
Gold:   38         SH: 10    Dex: 11    Spells: 5/17 levels left

rFire   + + .      SeeInvis .    D - staff of fire
rCold   . . .      Faith    .    A - +0 tower shield
rNeg    . . .      Spirit   .    (body armour unavailable)
rPois   .          Reflect  .    (helmet restricted)
rElec   .          Rampage  .    E - +0 cloak
rCorr   .                        (no gloves)
Will    .....                    H - +0 pair of boots
Stlth   +                        (no amulet)
HPRegen 0.32/turn                p - ring of protection from fire
MPRegen 0.14/turn                (no ring)

@: silenced, hasted, very quick
A: AC +11, amphibious, unfitting armour, cold-blooded
a: no special abilities


You were on level 7 of the Dungeon.
You visited 1 branch of the dungeon, and saw 7 of its levels.

You collected 262 gold pieces.
You spent 224 gold pieces at shops.

Inventory:

Hand Weapons
 b - a +0 flail
 q - a +1 whip of electrocution
 x - a +2 dagger of venom
 B - the +7 sling "Pedet" {speed, Str+4 SInv}
   (You found it on level 6 of the Dungeon)

   Str:       It affects your strength (+4).
   SInv:      It lets you see invisible.
Missiles
 u - 21 poisoned darts
Armour
 A - a +0 tower shield (worn)
 E - a +0 cloak (worn)
 H - a +0 pair of boots (worn)
Magical Staves
 D - a staff of fire (weapon)
Jewellery
 p - a ring of protection from fire (left hand)
 C - a ring of fire
Wands
 w - a wand of charming (9)
 z - a wand of polymorph (6)
 F - a wand of digging (4)
 G - a wand of mindburst (13)
Scrolls
 e - a scroll of poison
 f - a scroll of summoning {unknown}
 h - a scroll of magic mapping {unknown}
 j - a scroll of fog {unknown}
 m - 6 scrolls of teleportation
 n - a scroll of enchant weapon {unknown}
 o - a scroll of brand weapon {unknown}
 s - 2 scrolls of identify {unknown}
 v - 2 scrolls of fear {unknown}
 y - a scroll of torment {unknown}
 I - a scroll of vulnerability {unknown}
Potions
 a - a potion of magic
 g - 2 potions of heal wounds {unknown}
 i - a potion of might {unknown}
 k - 2 potions of haste
 l - 2 potions of flight {unknown}
 r - 3 potions of invisibility {unknown}
 t - a potion of ambrosia {unknown}


   Skills:
 + Level 7.8 Fighting
 + Level 1.2 Staves
 - Level 1.7 Dodging
 - Level 1.7 Stealth
 * Level 0.8 Shields
 + Level 5.0 Spellcasting
 - Level 1.0 Conjurations
 + Level 4.9 Fire Magic
 + Level 1.3 Evocations


You had 5 spell levels left.
You knew the following spells:

 Your Spells              Type           Power      Damage    Failure   Level
a - Foxfire               Conj/Fire      88%        2x1d8     54%         1
c - Inner Flame           Hex/Fire       20%        N/A       93%         3
d - Volatile Blastmotes   Fire/Tloc      40%        2d13      93%         3
e - Ignite Poison         Fire/Tmut/Pois 15%        N/A       97%         3
z - Scorch                Fire           66%        2d8       38%         2

Your spell library contained the following spells:

 Spells                   Type           Power      Damage    Failure   Level
 Poisonous Vapours        Pois/Air       8%         N/A       97%         2
 Flame Wave               Conj/Fire      22%        2d8       99%         4
 Vhi's Electric Charge    Tloc/Air       8%         N/A       100%        3


Dungeon Overview and Level Annotations

Branches:
Dungeon (7/15)
 Temple: D:4-7

Altars:
Nemelex Xobeh
Zin

Shops:
D:3 (   D:4 !   D:6 [


Innate Abilities, Weirdness & Mutations

Your dull iron-grey scales are very hard. (AC +11)
You are amphibious.
You cannot fit into any form of body armour.
You are cold-blooded and may be slowed by cold attacks.


Message History

You hit something but do no damage.
Your tail-slap misses something.
Something hits you.
You hit something. You burn something.
Your tail-slap misses something.
Something hits you. x2
You hit something but do no damage. You tail-slap something.
Something hits you!
Something hits you but does no damage. x2
You closely miss something.
Your tail-slap misses something.
Something hits you but does no damage. Something hits you but does no damage.
You hit something but do no damage. Something hits you but does no damage.
You hit something but do no damage. Something hits you.
Something hits you but does no damage.
You closely miss something. Something hits you but does no damage.
You block something's attack.
You hit something but do no damage. Something hits you but does no damage.
Something hits you. You block something's attack.
You completely miss something. Something hits you.
* * * LOW HITPOINT WARNING * * *
Something hits you but does no damage.
You hit something but do no damage. You block something's attack.
Something hits you but does no damage.
You barely miss something. You block something's attack.
You hit something but do no damage. You burn something.
You block something's attack.
You hit something. Something hits you but does no damage. Something hits you.
* * * LOW HITPOINT WARNING * * *
Something hits you but does no damage.
You barely miss something. Something hits you!
* * * LOW HITPOINT WARNING * * *
Something hits you but does no damage. x2
You completely miss something. Something hits you but does no damage.
Something hits you!
* * * LOW HITPOINT WARNING * * *
Okay, then.
You can't see any enemies this would affect, really read the scroll of silence?
As you read the scroll of silence, it crumbles to dust.
A profound silence engulfs you. Something hits you.
* * * LOW HITPOINT WARNING * * *
Something hits you!
You die...

########## #........#..
#........##.
#....(...###
#........###
#........... ########
#...........
#......######...........
+.....{@................
#......#################
#......# #......#
...........#
.#########.# #


There were no monsters in sight!

Vanquished Creatures
  Grinder (D:5)
  A water moccasin (D:3)
  An ice beast (D:7)
  2 black bears
  A kobold brigand (D:6)
  A phantom (D:4)
  Blork the orc (D:6)
  4 hounds
  2 jellies
  An orc priest (D:6)
  A sleepcap (D:6)
  4 orc wizards
  An iguana (D:6)
  A gnoll (D:3)
  3 adders
  A white imp (D:7)
  2 ufetubi
  2 dart slugs
  20 orcs
  7 bats
  5 endoplasms
  3 giant cockroaches
  3 goblins
  4 hobgoblins
  4 jackals
  3 quokkas
  5 ball pythons
  A frilled lizard (D:1)
  6 kobolds
  5 rats
96 creatures vanquished.

Vanquished Creatures (others)
  287 foxfires
287 creatures vanquished.

Grand Total: 383 creatures vanquished

Notes
Turn   | Place    | Note
-------+----------+-------------------------------------------
     0 | D:1      | cheesebisquit the Draconian Fire Elementalist began the
                  | quest for the Orb.
     0 | D:1      | Reached XP level 1. HP: 14/14 MP: 3/3
   126 | D:1      | Reached skill level 1 in Fighting
   279 | D:1      | Reached XP level 2. HP: 23/23 MP: 1/5
   748 | D:1      | Got Sif Muna's Encyclopedia of Contaminants and Coordinates
  1243 | D:2      | Reached skill level 2 in Fighting
  1427 | D:2      | Reached XP level 3. HP: 30/30 MP: 1/6
  2059 | D:3      | Reached skill level 3 in Fighting
  2136 | D:3      | Found Goowk's Weapon Emporium.
  2360 | D:3      | Reached XP level 4. HP: 29/40 MP: 3/8
  2366 | D:3      | Reached skill level 4 in Fighting
  2371 | D:3      | Reached XP level 5. HP: 14/46 MP: 0/9
  3252 | D:4      | Noticed a black bear
  3260 | D:4      | Killed a black bear
  3261 | D:4      | Reached skill level 5 in Fighting
  3364 | D:4      | Reached XP level 6. HP: 36/56 MP: 5/11
  3481 | D:4      | Identified the +1 leather armour of the Loving Gods {rElec
                  | Stlth+}
  3568 | D:4      | Found Okac's Distillery.
  3904 | D:5      | Entered Level 5 of the Dungeon
  4233 | D:5      | Noticed Grinder
  4338 | D:5      | Noticed a water moccasin
  4365 | D:3      | Killed a water moccasin
  4366 | D:3      | Reached skill level 6 in Fighting
  4541 | D:4      | Your scales start taking on a dull iron-grey colour.
  4541 | D:4      | Reached XP level 7. HP: 43/64 MP: 9/13
  4544 | D:4      | Learned a level 2 spell: Scorch
  4548 | D:4      | Learned a level 3 spell: Inner Flame
  4552 | D:4      | Learned a level 3 spell: Volatile Blastmotes
  4556 | D:4      | Learned a level 3 spell: Ignite Poison
  4702 | D:5      | Paralysed by Grinder for 3 turns
  4710 | D:5      | Killed Grinder
  4883 | D:5      | Reached skill level 7 in Fighting
  5717 | D:6      | Identified the +7 sling "Pedet" {speed, Str+4 SInv}
  5878 | D:6      | Found Bezash's Antique Armour Emporium.
  5885 | D:6      | Bought a cloak for 112 gold pieces
  6084 | D:6      | Reached XP level 8. HP: 73/73 MP: 10/15
  6160 | D:6      | Noticed Blork the orc
  6171 | D:6      | Killed Blork the orc
  6172 | D:6      | Reached skill level 1 in Evocations
  6306 | D:6      | Reached skill level 1 in Staves
  6432 | D:6      | Found a sparkling altar of Nemelex Xobeh.
  6432 | D:6      | Found a glowing silver altar of Zin.
  6450 | D:6      | Bought a pair of boots for 112 gold pieces
  6490 | D:7      | Reached skill level 5 in Spellcasting
  6844 | D:7      | HP: 3/74 [something (7)]
  6847 | D:7      | Mangled by an unseen horror

Illustrated notes

Levels and vault maps discovered:
D:1:      onia_arrival_pentagram, layout_basic
D:2:      cheibrodos_helix_gallery, layout_loops_ring
D:3:      layout_basic, serial_shops, shop, cheibrodos_gnoll_hut
D:4:      layout_rooms, serial_shops, nicolae_stop_n_shop_2,
          serial_corexii_hall, chequers_hall_statues_wall_a,
          chequers_hall_statues_corner_a
D:5:      layout_basic, uniq_grinder
D:6:      layout_basic, gammafunk_temple_overflow_statue, serial_shops, shop,
          uniq_blork_the_orc
D:7:      layout_basic, minmay_temple_entry_statues_pillars, chequers_jeans

Skill      XL: |  1  2  3  4  5  6  7  8 |
---------------+-------------------------+-----
Fighting       | 1 2 3 4 5 6 7 |  7.8
Spellcasting   | 3 4 5 |  5.0
Fire Magic     | 4 |  4.9
Evocations     | 1 |  1.3
Staves         | 1 |  1.2
Dodging        | |  1.7
Stealth        | |  1.7
Shields        | |  0.8
Conjurations   | |  1.0

Action                     |  1- 3 |  4- 6 |  7- 9 || total
---------------------------+-------+-------+-------++-------
  Melee: Flail             |    43 |    35 |    28 ||   106
         Tailslap          |     3 |     8 |     6 ||    17
         Punch             |     1 |     2 |     1 ||     4
         Staff             |       |       |    41 ||    41
   Fire: Sling             |       |       |     4 ||     4
   Cast: Foxfire           |    58 |    51 |    56 ||   165
         Scorch            |       |       |    28 ||    28
    Use: Scroll            |       |     4 |     1 ||     5
         Potion            |       |       |     8 ||     8
   Stab: Sleeping          |     1 |       |       ||     1
 Armour: Skin              |    33 |    27 |    94 ||   154
  Dodge: Dodged            |    63 |    45 |    42 ||   150
  Block: Tower shield      |       |       |    12 ||    12

Table legend: (Time is in decaauts)
 A = Elapsed time spent in this place.
 B = Non-inter-level travel time spent in this place.
 C = Inter-level travel time spent in this place.
 D = Time resting spent in this place.
 E = Time spent auto-exploring this place.
 F = Levels seen in this place.
 G = Mean time per level.
                   A        B        C        D        E       F      G
               +--------+--------+--------+--------+--------+-----+--------+
         Total |   6903 |   6559 |    344 |    362 |   5175 |   7 |  986.1 |
       Dungeon |   6903 |   6559 |    344 |    362 |   5175 |   7 |  986.1 |
               +--------+--------+--------+--------+--------+-----+--------+

Top non-repeatable levels by time:
     D:3: 1355 daAuts
     D:1: 1171 daAuts
     D:6: 1168 daAuts
     D:5: 1132 daAuts
     D:4: 860 daAuts
     D:2: 844 daAuts
     D:7: 370 daAuts
